 Dungeon Crawl Stone Soup version 0.30-a0-297-g0ec75d9ef4 (webtiles) character file.

Game seed: 750402451093630071

444 NinjaNoafa the Slicer (level 7, -24/52 HPs)
             Began as a Merfolk Gladiator on Oct 18, 2022.
             Was a Follower of Uskayaw.
             Engulfed by a cloud of flame (36 damage)
             ... on level 4 of the Dungeon.
             The game lasted 00:08:51 (3863 turns).

NinjaNoafa the Slicer (Merfolk Gladiator)           Turns: 3863, Time: 00:08:52

Health: -24/52     AC:  5    Str: 15    XL:     7   Next: 3%
Magic:  7/7        EV: 15    Int:  7    God:    Uskayaw [*.....]
Gold:   115        SH:  0    Dex: 21    Spells: 6/6 levels left

rFire   . . .      SeeInvis .    s - +2 dagger (speed)
rCold   . . .      Faith    .    (no shield)
rNeg    . . .      Spirit   .    n - +0 leather armour of Decompression {Dex+4}
rPois   .          Reflect  .    c - +0 helmet
rElec   .          Harm     .    (no cloak)
rCorr   .          Rampage  .    v - +0 pair of gloves
Will    .....                    (no boots)
Stlth   ++........               (no amulet)
HPRegen 0.28/turn                (no ring)
MPRegen 0.10/turn                (no ring)

@: no status effects
A: (nimble swimmer 2), mertail
a: Renounce Religion, Stomp


You were on level 4 of the Dungeon.
You worshipped Uskayaw.
Uskayaw was noncommittal.
You visited 2 branches of the dungeon, and saw 5 of its levels.

You collected 115 gold pieces.

Inventory:

Hand Weapons
 s - a +2 dagger of speed (weapon)
Missiles
 a - a boomerang (quivered)
 d - 3 throwing nets
 i - 27 stones
 u - 5 poisoned darts
Armour
 c - a +0 helmet (worn)
 n - the +0 leather armour of Decompression (worn) {Dex+4}
   (You found it on level 3 of the Dungeon)

   Dex:       It affects your dexterity (+4).
 v - a +0 pair of gloves (worn)
Wands
 q - a wand of paralysis (4)
Scrolls
 f - a scroll of silence
 k - 2 scrolls of magic mapping {unknown}
 o - 3 scrolls of teleportation {unknown}
Potions
 b - a potion of haste
 g - a potion of might
 h - a potion of curing
 j - 3 potions of resistance
 p - a potion of lignification
 t - a potion of heal wounds


   Skills:
 - Level 3.0 Fighting
 + Level 8.5 Short Blades
 - Level 2.0 Throwing
 - Level 5.0 Dodging


You had 6 spell levels left.
You didn't know any spells.
Your spell library contained the following spells:

 Spells                   Type           Power      Damage    Failure   Level
 Sting                    Tmut/Pois      0%         1d3       50%         1
 Ensorcelled Hibernation  Hex/Ice        0%         N/A       65%         2
 Sublimation of Blood     Necr           0%         N/A       65%         2
 Ignite Poison            Fire/Tmut/Pois 0%         N/A       86%         3
 Spider Form              Tmut/Pois      0%         N/A       86%         3
 Anguish                  Hex/Necr       0%         N/A       99%         4
 Petrify                  Tmut/Erth      0%         N/A       99%         4
 Irradiate                Conj/Tmut      0%         3d11      100%        5
 Simulacrum               Ice/Necr       0%         N/A       100%        6


Dungeon Overview and Level Annotations

Branches:
Dungeon (4/15)             Temple (1/1) D:4

Altars:
Ashenzari
Cheibriados
Dithmenos
Elyvilon
Gozag
Hepliaklqana
Kikubaaqudgha
Makhleb
Nemelex Xobeh
Okawaru
Ru
Sif Muna
Trog
Uskayaw
Vehumet
Wu Jian
Xom
Yredelemnul
Zin
The Shining One

Shops:
D:1 :   D:3 :


Innate Abilities, Weirdness & Mutations

((You are very nimble when in or above water. (Stealth+, EV+, Speed+++)))
Your lower body shifts to a powerful aquatic tail in water.


Message History

The orc is heavily wounded.
You hit the orc but do no damage.
The orc is heavily wounded.
The orc rages.
The orc closely misses you.
You barely miss the orc.
The orc is heavily wounded.
You barely miss the orc.
The orc is heavily wounded.
You hit the orc but do no damage.
The orc is heavily wounded.
The orc hits you but does no damage.
You hit the orc but do no damage.
The orc is heavily wounded.
As you read the scroll of identify, it crumbles to dust.
p - a potion of lignification The orc hits you but does no damage.
As you read the scroll labelled RAMEXI ACARPH, it crumbles to dust.
You assume a fearsome visage.
The orc looks frightened!
The orc is unaffected.
The orc looks frightened! x2; It was a scroll of fear.
As you read the scroll labelled XIRONN RUEMN, it crumbles to dust.
The creatures around you are filled with an inner flame!
It was a scroll of immolation.
The orc hits you with a +0 mace. The orc barely misses you.
Found a stone staircase leading up.
The orc barely misses you.
Throw: javelin
Press: ? - help, Q - select action, (/) - cycle Shift-Dir - straight line, f - orc
Aim: an orc, wielding a +0 mace and wearing a +0 scale mail (berserk, inner flame, 68% to hit)
You throw a javelin. The javelin pierces through the orc!
The javelin barely misses the orc.
The javelin pierces through the orc.
Flame seeps out of the orc.
Your attack snaps the orc out of its fear.
The orc is heavily wounded.
The orc explodes!
The fiery explosion engulfs you!!!
Ouch! That really hurt!
* * * LOW HITPOINT WARNING * * *
You are engulfed in blazing flames.
Ouch! That really hurt!
You die...

#..####......#
#..# #.######
##..# #.# #...#
#.# #..## #.#
#..#####.#
#........#
#...############
#(.o.o§§@......<
#..#############
#..# #.o# #oo#
#o.# #..# #..#
#..#


You could see 2 orcs.

Vanquished Creatures
  A phantom (D:4)
  An orc priest (D:3)
  4 hounds
  An orc wizard (D:3)
  7 adders
  4 gnolls (D:3)
  3 worms
  2 dart slugs
  7 orcs
  7 ball pythons
  9 endoplasms
  A giant cockroach (D:1)
  7 hobgoblins
  2 jackals (D:2)
  11 kobolds
  3 quokkas
  2 bats (D:3)
  3 frilled lizards (D:1)
  6 goblins
  5 rats
86 creatures vanquished.

Vanquished Creatures (others)
  2 withered plants (D:1)
2 creatures vanquished.

Grand Total: 88 creatures vanquished

Notes
Turn   | Place    | Note
-------+----------+-------------------------------------------
     0 | D:1      | NinjaNoafa the Merfolk Gladiator began the quest for the
                  | Orb.
     0 | D:1      | Reached XP level 1. HP: 16/16 MP: 1/1
    68 | D:1      | Found a faded altar of an unknown god.
   141 | D:1      | Reached XP level 2. HP: 21/23 MP: 2/2
   285 | D:1      | Found Zofir's Vocational Training.
   613 | D:1      | Reached XP level 3. HP: 24/28 MP: 3/3
   878 | D:1      | Reached skill level 4 in Short Blades
  1217 | D:2      | Reached skill level 5 in Dodging
  1367 | D:2      | Reached XP level 4. HP: 35/35 MP: 4/4
  1606 | D:2      | Reached skill level 5 in Short Blades
  1772 | D:2      | Found a basalt altar of Yredelemnul.
  2015 | D:3      | Got the Precepts of the Tainted Blizzard
  2245 | D:3      | Reached XP level 5. HP: 37/41 MP: 5/5
  2250 | D:3      | Reached skill level 6 in Short Blades
  2555 | D:3      | Found Baleal's Book Shop.
  2576 | D:3      | Paralysed by an orc priest for 4 turns
  2703 | D:3      | Reached skill level 7 in Short Blades
  2703 | D:3      | Reached XP level 6. HP: 30/47 MP: 6/6
  2806 | D:3      | Identified the +0 leather armour of Decompression {Dex+4}
  3339 | D:4      | Reached skill level 8 in Short Blades
  3400 | D:4      | Found a staircase to the Ecumenical Temple.
  3407 | Temple   | Entered the Ecumenical Temple
  3623 | Temple   | Became a worshipper of Uskayaw the Reveller
  3662 | D:4      | Found an opulent altar of Gozag.
  3663 | D:4      | Found a glowing golden altar of the Shining One.
  3667 | D:4      | Reached * piety under Uskayaw
  3689 | D:4      | Reached ** piety under Uskayaw
  3697 | D:4      | Reached XP level 7. HP: 45/52 MP: 7/7
  3863 | D:4      | Engulfed by a cloud of flame

Illustrated notes

Levels and vault maps discovered:
D:1:      elethiomel_arrival_infinity_welcomes_careful_drivers, layout_basic,
          ebering_ecumenical_altar_petrified, nicolae_shop_vocational
D:2:      layout_basic, basic_altar, minmay_misc_feat_iff
D:3:      kb_forest_paths, layout_loops_ring, serial_shops,
          nicolae_shop_waterfront
D:4:      layout_basic, nicolae_overflow_hidden_temple, temple_doors_e,
          small_statue_intersection
Temple:   mainiacjoe_temple_bowtie_tessellation

Skill      XL: |  1  2  3  4  5  6 |
---------------+-------------------+-----
Short Blades   | 4 5 7 8 |  8.5
Fighting       | 3 |  3.0
Dodging        | 5 |  5.0
Throwing       | |  2.0

Action                   |  1- 3 |  4- 6 |  7- 9 || total
-------------------------+-------+-------+-------++-------
Melee: Rapier            |   125 |   146 |       ||   271
       Punch             |     3 |     2 |       ||     5
       Dagger            |       |    98 |    16 ||   114
Throw: Javelin           |       |     2 |     1 ||     3
  Use: Scroll            |     3 |     1 |     3 ||     7
       Potion            |       |     5 |       ||     5
 Stab: Distracted        |       |     1 |       ||     1
       Sleeping          |       |     1 |       ||     1
Armor: Leather armour    |    21 |    46 |     3 ||    70
Dodge: Dodged            |    79 |   143 |    10 ||   232

Table legend: (Time is in decaauts)
 A = Elapsed time spent in this place.
 B = Non-inter-level travel time spent in this place.
 C = Inter-level travel time spent in this place.
 D = Time resting spent in this place.
 E = Time spent auto-exploring this place.
 F = Levels seen in this place.
 G = Mean time per level.
                   A        B        C        D        E       F      G
               +--------+--------+--------+--------+--------+-----+--------+
         Total |   3784 |   3639 |    145 |      0 |   2857 |   5 |  756.8 |
       Dungeon |   3541 |   3433 |    108 |      0 |   2667 |   4 |  885.2 |
        Temple |    242 |    205 |     37 |      0 |    190 |   1 |  242.0 |
               +--------+--------+--------+--------+--------+-----+--------+

Top non-repeatable levels by time:
     D:1: 1136 daAuts
     D:3: 1118 daAuts
     D:2: 864 daAuts
     D:4: 421 daAuts
  Temple: 242 daAuts
